 Dungeon Crawl Stone Soup version 0.26-a0-651-gb41185065b (webtiles) character file.

Game seed: 14209331061960529459

14 Ozzies the Sneak (level 2, -1/13 HPs)
             Began as a Spriggan Enchanter on Oct 7, 2020.
             Killed from afar by a dart slug (4 damage)
             ... with a slug dart
             ... on level 2 of the Dungeon.
             The game lasted 00:01:03 (950 turns).

Ozzies the Sneak (Spriggan Enchanter)                Turns: 950, Time: 00:01:04

Health: -1/13      AC:  2    Str:  4    XL:     2   Next: 27%
Magic:  0/6        EV: 18    Int: 16    God:
Gold:   56         SH:  0    Dex: 16    Spells: 3/6 levels left

rFire    . . .     SeeInvis +   a - +1 dagger
rCold    . . .     Faith    .   (shield restricted)
rNeg     . . .     Spirit   .   b - +0 robe
rPois    .         Reflect  .   (helmet restricted)
rElec    .         Harm     .   (no cloak)
rCorr    .         Rampage  .   (gloves unavailable)
MR       .....                  (boots unavailable)
Stlth    +++.......             (no amulet)
HPRegen  0.04/turn              (no ring)
MPRegen  0.10/turn              (no ring)

@: very quick
A: very small, unfitting armour, see invisible, speed 3
a: no special abilities


You were on level 2 of the Dungeon.
You visited 1 branch of the dungeon, and saw 2 of its levels.

You collected 56 gold pieces.

Inventory:

Hand Weapons
 a - a +1 dagger (weapon)
Missiles
 e - 47 stones (quivered)
 h - 59 sling bullets
Armour
 b - a +0 robe (worn)
Scrolls
 c - a scroll of remove curse {unknown}
 d - a scroll of teleportation {unknown}
 f - 2 scrolls of identify {unknown}
 g - a scroll of immolation {unknown}
 j - a scroll of blinking {unknown}
 k - a scroll of amnesia {unknown}
Potions
 i - a potion of curing {unknown}


   Skills:
 + Level 0.3 Fighting
 + Level 1.5 Short Blades
 - Level 3.0 Dodging
 * Level 4.9 Stealth
 + Level 2.9 Spellcasting
 + Level 3.7 Hexes


You had 3 spell levels left.
You knew the following spells:

 Your Spells              Type           Power        Failure   Level
a - Corona                Hex            ##.....      4%          1
b - Ensorcelled Hibernat  Hex/Ice        #.....       13%         2

Your spell library contained the following spells:

 Spells                   Type           Power        Failure   Level
 Confusing Touch          Hex            ##......     12%         3
 Tukima's Dance           Hex            ##......     12%         3
 Dazzling Flash           Conj/Hex       #.....       26%         3


Dungeon Overview and Level Annotations

Branches:
Dungeon (1/15)

Altars:


Innate Abilities, Weirdness & Mutations

You are very small and have problems with some larger weapons.
You are too small for most types of armour.
You have supernaturally acute eyesight. (SInv)
You cover ground extremely quickly.


Message History

The helpless rat fails to defend itself.
You impale the rat!!
You kill the rat!
No target in view!
No target in view!
No target in view!
Memorise Ensorcelled Hibernation, consuming 2 spell levels and leaving 3?
You start memorising the spell.
You continue memorising. x2
You finish memorising.
Spell assigned to 'b'.
Found a stone staircase leading down.
e - 43 stones (gained 18)
A bat comes into view.
A bat is nearby!
A bat is nearby!
The helpless bat fails to defend itself.
You impale the bat!!
You kill the bat!
No target in view!
No target in view!
No target in view!
No target in view!
No target in view!
No target in view!
Found a stone staircase leading down.
f - 2 scrolls labeled KUJ HIX WOKUIR (gained 1)
A kobold comes into view. It is wielding a -1 club.
A kobold is nearby!
A kobold is nearby!
Found a scroll labeled HAFIFU HESATIUFO.
Found a stone staircase leading up.
A bat comes into view.
Found a coppery potion.
A dart slug comes into view.
The helpless kobold fails to defend itself.
You impale the kobold!!
You kill the kobold!
There is a stone staircase leading up here.
A bat is nearby!
The helpless bat fails to defend itself.
You impale the bat!!
You kill the bat!
No target in view!
No target in view!
No target in view!
No target in view!
No target in view!
i - a coppery potion
e - 47 stones (gained 4)
You see here a cursed -1 club.
j - a scroll labeled DEASSU JAFU
k - a scroll labeled HAFIFU HESATIUFO
h - 59 sling bullets (gained 20)
You now have 56 gold pieces (gained 17).
A dart slug is nearby!
A dart slug is nearby!
A dart slug is nearby!
The dart slug launches a dart at you. The slug dart misses you.
You hit the dart slug.
The dart slug is moderately wounded.
You hit the dart slug.
The dart slug is heavily wounded.
The dart slug bites you.
You completely miss the dart slug.
The dart slug is heavily wounded.
The dart slug launches a dart at you. The slug dart hits you!
Ouch! That really hurt!
* * * LOW HITPOINT WARNING * * *
You are too injured to fight recklessly!
You are too injured to fight recklessly!
You are too injured to fight recklessly!
You are too injured to fight recklessly!
You are too injured to fight recklessly!
You are too injured to fight recklessly!
You are too injured to fight recklessly!
You are too injured to fight recklessly!
You are too injured to fight recklessly!
You are too injured to fight recklessly!
You are too injured to fight recklessly!
Cast which spell? (? or * to list)
Aiming: Ensorcelled Hibernation (safe; 13% risk of failure)
Press: ? - help, Shift-Dir - straight line, f - dart slug
Aim: a dart slug (heavily wounded, chance to defeat MR: 57%)
The dart slug resists with significant effort.
Casting: Ensorcelled Hibernation (safe; 13% risk of failure)
Confirm with . or Enter, or press ? or * to list all spells.
Aiming: Ensorcelled Hibernation (safe; 13% risk of failure)
Press: ? - help, Shift-Dir - straight line, f/p - dart slug
Aim: a dart slug (heavily wounded, chance to defeat MR: 57%)
The dart slug resists with significant effort.
Casting: Ensorcelled Hibernation (safe; 13% risk of failure)
Confirm with . or Enter, or press ? or * to list all spells.
Aiming: Ensorcelled Hibernation (safe; 13% risk of failure)
Press: ? - help, Shift-Dir - straight line, f/p - dart slug
Aim: a dart slug (heavily wounded, chance to defeat MR: 57%)
The dart slug resists with significant effort.
The dart slug launches a dart at you. The slug dart hits you.
You die...

#....##.#...)...#.....
#.##.##.#.......#.##..
#.......#.......#.##..
####.##.#..<....#.#...
#######w##.....†...#.#.#.
#.......##.........#.....
#.####...##.....####.....
#.###.....#.....# #.#...
#.#.....@.#.....## #.#...
#.#.#............# #.#...
#.#.##...#.......# #.##.#
#......###.......###.....
###.######..............#
#..............########
########...###.#
#.......# #########


You could see a dart slug.

Vanquished Creatures
  A worm (D:2)
  3 bats
  5 kobolds
  A rat (D:2)
10 creatures vanquished.

Notes
Turn   | Place    | Note
-------+----------+-------------------------------------------
     0 | D:1      | Ozzies the Spriggan Enchanter began the quest for the Orb.
     0 | D:1      | Reached XP level 1. HP: 9/9 MP: 5/5
   363 | D:1      | You fall into a shaft and drop 1 floor!
   379 | D:2      | Reached XP level 2. HP: 7/13 MP: 6/6
   777 | D:2      | Learned a level 2 spell: Ensorcelled Hibernation
   950 | D:2      | Killed from afar by a dart slug

Illustrated notes

Levels and vault maps discovered:
D:1:      dpeg_arrival_rhombus, layout_basic
D:2:      layout_loops_cross, lemuel_round_altar,
          yredelemnul_forgotten_temple_becter

Action                   || total
-------------------------++-------
Melee: Dagger            ||    41
 Cast: Ensorcelled Hiber ||     3
 Stab: Sleeping          ||     6
Armor: Robe              ||     3
Dodge: Dodged            ||    22

Table legend: (Time is in decaauts)
 A = Elapsed time spent in this place.
 B = Non-inter-level travel time spent in this place.
 C = Inter-level travel time spent in this place.
 D = Time resting spent in this place.
 E = Time spent auto-exploring this place.
 F = Levels seen in this place.
 G = Mean time per level.
                   A        B        C        D        E       F      G
               +--------+--------+--------+--------+--------+-----+--------+
         Total |    788 |    788 |      0 |    349 |    352 |   2 |  394.0 |
       Dungeon |    788 |    788 |      0 |    349 |    352 |   2 |  394.0 |
               +--------+--------+--------+--------+--------+-----+--------+

Top non-repeatable levels by time:
     D:2: 504 daAuts
     D:1: 283 daAuts
